AoeStats
← Cloudy

Arabian Desert

508719425Analyzed
1v1 RM · 9d ago on Sep 23, 2026· 31m 23s· 2 players
Game mode
Random Map
Map size
Tiny (2 player)
Population
200
Speed
Normal
Resources
Standard
Victory
Conquest
Starting age
Dark Age
Ending age
Imperial Age
RankedLock teamsTeams togetherTeam positionsShared explorationLock speedFull tech treeHidden civsTurbo modeCheats
Victory
Defeat
🇩🇪 Varangians · Germany
1383
+19
🇦🇷 Danes · Argentina
1454
-19
Cloudy
5:53 Loom
8:31 Feudal Age
9:01 Double-Bit Axe
12:16 Bloodlines
22:43 Castle Age
20:28 Horse Collar
22:23 Stone Mining
22:25 Gold Mining
25:41 Husbandry
26:20 Scale Barding Armor
27:10 Fletching
mateconpan
7:04 Loom
9:15 Feudal Age
9:17 Man-at-Arms
9:43 Double-Bit Axe
9:39 Horse Collar
23:00 Castle Age
21:35 Scale Mail Armor
23:56 Forging
23:58 Bow Saw
24:04 Heavy Plow
23:57 Arson
27:38 Fletching
Connection lost

Rejoining the realm…

Still unreachable

The connection could not be restored.

Session expired

The server has moved on; the page needs a fresh start.